 Dungeon Crawl Stone Soup version 0.32-a0-306-gfed3edf829 (webtiles) character file.

Game seed: 5662713275148920805

24 Dittersdorf the Covered (level 3, -1/23 HPs)
             Began as a Gargoyle Fighter on Feb 14, 2024.
             Slain by a gnoll
             ... wielding a +0 spear
              (4 damage)
             ... on level 1 of the Dungeon.
             The game lasted 00:00:18 (223 turns).

Dittersdorf the Covered (Gargoyle Fighter)           Turns: 223, Time: 00:00:19

Health: -1/23      AC: 10    Str: 21    XL:     3   Next: 2%
Magic:  3/3        EV:  9    Int:  8    God:
Gold:   4          SH:  4    Dex:  9    Spells: 2/2 levels left

rFire   . . .        a - +0 flail
rCold   . . .        c - +0 buckler
rNeg    + . .        b - +0 scale mail
rPois   ∞            (no helmet)
rElec   +            (no cloak)
rCorr   .            (no gloves)
SInv    .            (no boots)
Will    .....        (no amulet) Stlth
                     (no ring)
HPRegen 0.23/turn    (no ring)
MPRegen 0.08/turn

%: no passive effects
@: no status effects
A: sickness immunity, AC +3, negative energy resistance 1, electricity
resistance, torment resistance 1, petrification resistance
a: no special abilities


You were on level 1 of the Dungeon.
You visited 1 branch of the dungeon, and saw 1 of its levels.

You collected 4 gold pieces.

Inventory:

Hand Weapons
 a - a +0 flail (weapon)
Armour
 b - a +0 scale mail (worn)
 c - a +0 buckler (worn)
Scrolls
 e - 2 scrolls of fog {unknown}
Potions
 d - a potion of might
 f - a potion of enlightenment {unknown}
 g - a potion of berserk rage {unknown}


   Skills:
 + Level 3.6 Fighting
 + Level 2.3 Maces & Flails
 + Level 3.6 Armour
 + Level 3.6 Shields


You had 2 spell levels left.
You didn't know any spells.
Your spell library was empty.

Dungeon Overview and Level Annotations

Branches:
Dungeon (1/15)

Altars:


Innate Abilities, Weirdness & Mutations

You are immune to sickness and miasma.
Your stone body is resilient. (AC +3)
You are immune to poison.
You resist negative energy. (rN+)
You are resistant to electric shocks. (rElec)
You are resistant to unholy torment.
You are immune to petrification.


Message History

You see here a +0 leather armour.
The kobold barely misses you.
You closely miss the kobold. You block the kobold's attack.
The gnoll hits you from afar with a +0 spear.
You barely miss the kobold. The kobold hits you but does no damage.
The gnoll completely misses you.
You completely miss the kobold. The kobold misses you.
The gnoll closely misses you.
You closely miss the kobold. The kobold hits you but does no damage.
The gnoll hits you from afar with a +0 spear.
The kobold hits you but does no damage.
The gnoll hits you from afar with a +0 spear.
You miss the kobold. The kobold barely misses you.
The gnoll hits you but does no damage.
You barely miss the kobold. You block the kobold's attack.
The gnoll hits you from afar with a +0 spear.
You are too injured to fight recklessly!
You are too injured to fight recklessly!
You are too injured to fight recklessly!
You are too injured to fight recklessly!
You are too injured to fight recklessly!
You are too injured to fight recklessly!
You are too injured to fight recklessly!
You are too injured to fight recklessly!
You are too injured to fight recklessly!
You are too injured to fight recklessly!
You are too injured to fight recklessly!
You are too injured to fight recklessly!
You are too injured to fight recklessly!
You are too injured to fight recklessly!
You are too injured to fight recklessly!
You are too injured to fight recklessly!
You are too injured to fight recklessly!
You closely miss the kobold. The kobold hits you but does no damage.
The gnoll hits you from afar with a +0 spear.
The kobold closely misses you. You block the gnoll's attack.
You barely miss the kobold. The kobold hits you with a +0 whip.
* * * LOW HITPOINT WARNING * * *
The gnoll hits you from afar with a +0 spear.
You die...

~.........# ~.........#
~.~[..?......#
............#####
########................
.......#..##...††).....(
.##+##.#..### #gK..#
.#...#.#....####K##...#
.#.<.#.#.#.....#@# .#
.##'##.#.........#
.+.....#.###.....###..
+#######.# ###.....#.#
.#.#..#.## #.#.....#..
.#...#..# #.........#
..†.##.#########........
..†.....................
..........#.............


You could see a gnoll and 2 kobolds.

Vanquished Creatures
  A dart slug (D:1)
  2 endoplasms (D:1)
  A hobgoblin (D:1)
  A quokka (D:1)
  2 goblins (D:1)
  3 kobolds (D:1)
  3 rats (D:1)
13 creatures vanquished.

Notes
Turn   | Place    | Note
-------+----------+-------------------------------------------
     0 | D:1      | Dittersdorf the Gargoyle Fighter began the quest for the
                  | Orb.
     0 | D:1      | Reached XP level 1. HP: 14/14 MP: 1/1
    55 | D:1      | Reached XP level 2. HP: 13/19 MP: 2/2
   214 | D:1      | Reached XP level 3. HP: 20/23 MP: 3/3
   223 | D:1      | Slain by a gnoll

Illustrated notes

Levels and vault maps discovered:
D:1:      ncdulo_smallfort, layout_rooms, corexii_item_surrounded_by_moat,
          chequers_decorated_corner, kennysheep_boxes

Action                     || total
---------------------------++-------
  Melee: Flail             ||    46
 Armour: Scale mail        ||    50
  Dodge: Dodged            ||    30
  Block: Buckler           ||    15

Table legend: (Time is in decaauts)
 A = Elapsed time spent in this place.
 B = Non-inter-level travel time spent in this place.
 C = Inter-level travel time spent in this place.
 D = Time resting spent in this place.
 E = Time spent auto-exploring this place.
 F = Levels seen in this place.
 G = Mean time per level.
                   A        B        C        D        E       F      G
               +--------+--------+--------+--------+--------+-----+--------+
         Total |    238 |    238 |      0 |      0 |    148 |   1 |  238.0 |
       Dungeon |    238 |    238 |      0 |      0 |    148 |   1 |  238.0 |
               +--------+--------+--------+--------+--------+-----+--------+

Top non-repeatable levels by time:
     D:1: 238 daAuts
